 Dungeon Crawl Stone Soup version 0.27.1 (webtiles) character file.

Game seed: 6188188892994950224

59 nxtlvl the Chopper (level 3, -3/31 HPs)
             Began as a Draconian Berserker on Aug 24, 2021.
             Was a Follower of Trog.
             Slain by Pikel (13 damage)
             ... on level 5 of the Dungeon.
             The game lasted 00:03:31 (416 turns).

nxtlvl the Chopper (Draconian Berserker)             Turns: 416, Time: 00:03:31

Health: -3/31      AC:  5    Str: 19    XL:     3   Next: 78%
Magic:  3/3        EV: 12    Int:  7    God:    Trog [*.....]
Gold:   75         SH:  0    Dex: 11    Spells: 2/2 levels left

rFire    . . .     SeeInvis .   a - +0 hand axe
rCold    . . .     Faith    .   (no shield)
rNeg     . . .     Spirit   .   (armour unavailable)
rPois    .         Reflect  .   (helmet restricted)
rElec    .         Harm     .   (no cloak)
rCorr    .         Rampage  .   (no gloves)
Will     .....                  (no boots)
Stlth    +.........             (no amulet)
HPRegen  0.10/turn              (no ring)
MPRegen  0.08/turn              (no ring)

@: on berserk cooldown, slowed, very slow
A: AC +5, unfitting armour, cold-blooded
a: Renounce Religion, Berserk


You were on level 5 of the Dungeon.
You worshipped Trog.
Trog was aware of your devotion.
You visited 1 branch of the dungeon, and saw 5 of its levels.

You collected 75 gold pieces.

Inventory:

Hand Weapons
 a - a +0 hand axe (weapon)
Scrolls
 c - 3 scrolls of brand weapon {unknown}
 d - a scroll of enchant armour {unknown}
 f - a scroll of teleportation {unknown}
Potions
 b - 2 potions of heal wounds {unknown}
 e - a potion of lignification {unknown}


   Skills:
 - Level 3.2 Fighting
 * Level 4.8 Axes
 - Level 2.6 Dodging


You had 2 spell levels left.
You didn't know any spells.
Your spell library was empty.

Dungeon Overview and Level Annotations

Branches:
Dungeon (5/15)
 Temple: D:4-7

Altars:
Uskayaw

Annotations:
D:5 Pikel


Innate Abilities, Weirdness & Mutations

Your plain brown scales are hard. (AC +5)
You cannot fit into any form of body armour.
You are cold-blooded and may be slowed by cold attacks.


Message History

You closely miss the lemure.
The lemure is severely wounded.
The lemure closely misses you.
You slash the lemure!
The lemure is almost dead.
The lemure hits you.
You barely miss the lemure.
The lemure is almost dead.
You slash the lemure!
You kill the lemure!
That felt strangely unrewarding.
Pikel the Slaver comes into view.
He is wielding a +2 whip of freezing.
You slash Pikel!
Your tail-slap misses Pikel.
Pikel is moderately wounded.
Pikel says, "Don't tell anyone, but I think Ereshkigal likes me."
Pikel hits you but does no damage.
You hit Pikel.
Pikel is moderately wounded.
You barely miss Pikel. You tail-slap Pikel, but do no damage.
Pikel is moderately wounded.
Pikel barely misses you.
You hit Pikel.
Pikel is heavily wounded.
Pikel closely misses you.
You hit Pikel.
Pikel is heavily wounded.
You slash Pikel!
Pikel is severely wounded.
Pikel hits you with a +2 whip of freezing!
Pikel freezes you.
You hit Pikel.
Pikel is almost dead.
You are no longer berserk.
You are exhausted.
You feel yourself slow down. Pikel hits you but does no damage.
You barely miss Pikel.
Pikel is almost dead.
Pikel says, "All the lords of Hell know my name!"
Pikel hits you with a +2 whip of freezing!
You die...

# #.## ..##
#####.##
##...#.@#
#####.....##K#
..........# ##
..........#
#####...##
#.....##
####......#
#........#...
#.##.....##.#


You could see Pikel.

Vanquished Creatures
  2 lemures (D:5)
  A centaur zombie (D:5)
  4 orcs (D:4)
  A ball python (D:1)
  An endoplasm (D:2)
  A goblin (D:4)
  A hobgoblin (D:2)
  6 jackals
  A kobold (D:1)
  A bat (D:3)
  A frilled lizard (D:3)
20 creatures vanquished.

Notes
Turn   | Place    | Note
-------+----------+-------------------------------------------
     0 | D:1      | nxtlvl the Draconian Berserker began the quest for the Orb.
     0 | D:1      | Reached XP level 1. HP: 19/19 MP: 1/1
   146 | D:4      | Reached XP level 2. HP: 25/26 MP: 2/2
   240 | D:4      | Found a hide-covered altar of Uskayaw.
   293 | D:3      | Reached skill level 4 in Axes
   382 | D:5      | Entered Level 5 of the Dungeon
   395 | D:5      | Noticed a lemure
   397 | D:5      | Reached XP level 3. HP: 30/31 MP: 3/3
   398 | D:5      | Killed a lemure
   398 | D:5      | Noticed a lemure
   408 | D:5      | Killed a lemure
   408 | D:5      | Noticed Pikel
   416 | D:5      | Slain by Pikel

Illustrated notes

Levels and vault maps discovered:
D:1:      dpeg_arrival_round_a, layout_basic
D:2:      layout_loops_ring, dreamdust_ecumenical_altar_angels_and_demons
D:3:      layout_basic, kiku_gazebo_pond_becter, uniq_robin, uniq_natasha
D:4:      layout_cave_pods, lemuel_crystal_altar
D:5:      minmay_skewed_foursquare, layout_loops_ring, gammafunk_ghost_cemetery,
          kennysheep_small_circle, uniq_pikel

Skill      XL: |  1  2 |
---------------+-------+-----
Axes           | 4 |  4.8
Fighting       | |  3.2
Dodging        | |  2.6

Action                   || total
-------------------------++-------
Melee: Hand axe          ||    57
       Tailslap          ||     7
Invok: Berserk           ||     4
Armor: Skin              ||     9
Dodge: Dodged            ||    35
